Map: Catalyst LE

Players

Patience - Winner!

  • Race: Protoss Protoss
  • Spawn Location: 5:00

Zanster

  • Race: Zerg Zerg
  • League: Master
  • Spawn Location: 11:00

Event: HomeStory Cup XVII

VOD

Have the link to the VOD?

Description

Time

  • Played on: June 29, 2018, 3:20 p.m.
  • Length: 12:11

All games in this series

Show
View Real Time Build Order
Export as new Build Order

Patience Protoss - Winner!

Build Orders: 1 Gate Expand, Oracle Opening, Phoenix Opening, Archon Immortal, Zealot Archon, Archon Drop 

Get SALT Encoding   

  12  0:00  Probe  
  13  0:13  Probe  
  14  0:18  Pylon  
  14  0:24  Probe  
  15  0:32  Probe  
  15  0:38  Gateway  
  15  0:40  Probe  
  16  0:47  Assimilator  
  17  0:51  Probe  
  18  1:03  Probe  
  19  1:15  Probe  
  20  1:26  Nexus  
  20  1:36  Cybernetics Core  
  20  1:39  Probe  
  21  1:45  Assimilator  
  21  1:51  Probe  
  22  1:55  Pylon  
  22  2:03  Probe  
  22  2:04  Adept  
  25  2:18  Stargate  
  25  2:20  Probe  
  26  2:24  Warp Gate  
  26  2:31  Adept, Probe  
  26  2:33  Probe  
  29  2:39  Probe  
  29  2:42  Probe  
  31  2:48  Probe  
  32  2:52  Probe  
  32  2:55  Phoenix  
  34  3:00  Probe  
  34  3:04  Probe  
  38  3:10  Pylon  
  38  3:12  Probe  
  39  3:16  Oracle  
  39  3:18  Probe  
  43  3:27  Probe  
  43  3:28  Assimilator  
  43  3:30  Assimilator, Probe  
  45  3:36  Gateway  
  45  3:39  Probe  
  45  3:40  Probe  
  46  3:48  Robotics Facility  
  47  3:49  Probe  
  47  3:51  Probe  
  49  3:57  Probe  
  49  4:01  Twilight Council  
  50  4:04  Probe  
  50  4:05  Pylon  
  50  4:09  Probe  
  52  4:16  Probe  
  53  4:21  Probe  
  54  4:26  Warp Prism  
  54  4:27  Gateway  
  54  4:28  Gateway, Probe  
  57  4:41  Templar Archives  
  57  4:42  Zealot  
  57  4:43  Zealot  
  61  4:47  Pylon  
  61  4:57  Forge  
  61  4:59  Pylon  
  61  5:02  Observer  
  62  5:11  Nexus  
  63  5:14  Probe x2  
  63  5:21  Protoss Ground Weapons Level 1  
  64  5:28  High Templar x4  
  70  5:32  Archon x2  
  72  5:36  Charge  
  72  5:37  Probe x2  
  72  5:41  Pylon  
  74  5:46  Immortal  
  74  5:49  Probe x2  
  76  5:56  Robotics Facility  
  76  6:01  Probe x2, Pylon  
  82  6:13  Probe  
  82  6:15  Probe  
  82  6:18  Immortal, Gateway x2  
  84  6:21  Gateway  
  84  6:24  Gateway  
  88  6:34  Probe x2  
  88  6:36  Probe  
  88  6:37  Assimilator  
  88  6:38  Assimilator  
  91  6:41  Immortal  
  91  6:46  Probe x2  
  93  6:48  Psionic Storm, Probe  
  93  6:50  Immortal  
  93  6:53  High Templar x2  
  106  7:03  Observer  
  106  7:04  Pylon  
  106  7:05  Pylon  
  106  7:08  Probe x2  
  108  7:14  Probe  
  109  7:22  Probe x2  
  111  7:23  Pylon  
  111  7:28  Immortal, High Templar x2  
  115  7:32  Gateway x2  
  115  7:33  Photon Cannon  
  115  7:35  Shield Battery  
  115  7:40  Immortal  
  122  7:55  Zealot x5  
  122  7:56  Protoss Ground Weapons Level 2  
  122  7:58  Pylon  
  132  8:00  Pylon  
  132  8:06  Photon Cannon  
  132  8:16  Pylon  
  132  8:17  Pylon  
  132  8:19  Pylon  
  132  8:26  Archon  
  126  8:27  Immortal  
  126  8:28  Zealot x2  
  126  8:30  Archon  
  126  8:32  Zealot x5  
  126  8:34  Zealot x3  
  111  8:57  Immortal  
  111  8:58  High Templar x4  
  119  9:04  Immortal  
  119  9:07  Zealot x6  
  139  9:27  Pylon  
  139  9:28  High Templar x2  
  139  9:29  Zealot, High Templar x2, Pylon  
  139  9:30  Zealot x4  
  139  9:31  Immortal, Zealot  
  159  9:37  Immortal  
  141  9:48  Blink  
  141  9:52  Zealot  
  141  9:53  Zealot x3  
  149  10:00  High Templar  
  149  10:01  High Templar  
  149  10:03  Zealot  
  149  10:05  Archon  
  149  10:06  Zealot  
  149  10:20  Observer x2  
  151  10:26  Zealot x6  
  161  10:41  Archon  
  159  10:48  Pylon  
  159  10:50  High Templar x2, Zealot x5  
  159  10:51  Zealot x3  
  159  10:55  Archon  
  179  11:04  Nexus  
  179  11:12  Zealot  
  179  11:13  Zealot x4  
  189  11:21  Zealot  
  187  11:27  Zealot x2  
  187  11:28  Zealot x2  
  187  11:29  Archon  
  173  11:52  Stalker x8  
  173  11:53  Stalker  
  185  11:55  Archon  
  183  12:04  Archon  
Show
View Real Time Build Order
Export as new Build Order

Zanster Zerg 

Build Orders: Hatch First, Lurkers, Roach Hydra 

Get SALT Encoding   

  12  0:00  Drone  
  13  0:12  Overlord  
  13  0:17  Drone  
  14  0:30  Drone x2  
  16  0:50  Hatchery  
  16  0:52  Drone  
  16  0:55  Drone  
  17  0:59  Drone  
  18  1:11  Extractor  
  17  1:16  Spawning Pool  
  17  1:18  Drone  
  17  1:21  Drone  
  18  1:29  Drone  
  19  1:40  Drone  
  20  1:50  Overlord  
  20  2:04  Queen x2  
  20  2:05  Zergling x4  
  26  2:11  Metabolic Boost  
  26  2:12  Drone  
  26  2:13  Drone  
  28  2:22  Drone  
  29  2:24  Drone  
  30  2:36  Hatchery  
  29  2:38  Drone  
  29  2:40  Drone  
  31  2:47  Queen  
  31  2:50  Drone  
  34  2:54  Overlord  
  34  2:56  Drone  
  35  2:59  Drone  
  35  3:04  Overlord  
  36  3:15  Drone x5  
  36  3:16  Drone  
  42  3:20  Overlord  
  42  3:23  Drone  
  42  3:25  Drone  
  44  3:31  Overlord  
  44  3:33  Drone  
  45  3:39  Spore Crawler  
  45  3:40  Spore Crawler  
  43  3:45  Drone x5  
  48  3:49  Drone  
  48  3:53  Drone  
  48  3:54  Drone  
  48  3:55  Drone  
  52  3:57  Spore Crawler, Drone  
  52  4:01  Overlord  
  52  4:04  Drone  
  53  4:10  Drone  
  53  4:11  Drone  
  53  4:13  Queen  
  56  4:18  Lair  
  56  4:19  Drone  
  56  4:20  Drone x3  
  56  4:21  Drone  
  60  4:25  Overlord  
  60  4:26  Drone  
  61  4:32  Roach Warren  
  61  4:35  Drone, Extractor  
  61  4:36  Drone  
  61  4:39  Drone, Extractor  
  61  4:40  Drone, Extractor  
  61  4:43  Drone x2  
  64  4:45  Drone  
  64  4:48  Drone  
  64  4:50  Drone x3  
  64  4:52  Drone  
  69  4:55  Drone  
  69  4:56  Drone  
  69  4:57  Overlord  
  69  4:58  Drone  
  69  4:59  Overlord  
  72  5:04  Overlord  
  72  5:08  Overlord  
  72  5:15  Glial Reconstitution  
  72  5:17  Hydralisk Den  
  72  5:18  Extractor  
  70  5:22  Overlord  
  70  5:29  Roach x10  
  70  5:33  Roach  
  70  5:34  Roach x2  
  96  5:37  Evolution Chamber  
  96  5:38  Overlord  
  95  5:58  Overlord  
  95  6:00  Hatchery  
  95  6:01  Muscular Augments  
  95  6:03  Zerg Missile Weapons Level 1  
  95  6:04  Drone x5  
  95  6:05  Drone x3  
  95  6:07  Extractor  
  95  6:08  Hydralisk  
  95  6:09  Hydralisk x2  
  107  6:14  Hydralisk x2  
  111  6:20  Hydralisk x2  
  111  6:25  Hydralisk x2  
  115  6:32  Hydralisk x2, Hatchery  
  121  6:37  Drone  
  121  6:38  Overlord  
  121  6:39  Overlord x2  
  124  6:41  Hydralisk  
  124  6:42  Hydralisk  
  127  6:49  Overseer  
  127  6:52  Hydralisk x3  
  133  6:54  Overlord  
  133  6:55  Overlord  
  133  7:01  Hydralisk x3  
  139  7:12  Hydralisk x4  
  147  7:19  Zergling x16  
  155  7:23  Hydralisk  
  155  7:27  Overlord  
  157  7:32  Grooved Spines  
  157  7:37  Zergling x20  
  157  7:38  Zergling x2  
  166  7:53  Hydralisk  
  166  7:54  Hydralisk x4  
  166  7:56  Overlord  
  174  8:03  Ravager x4  
  178  8:11  Roach x7  
  192  8:13  Overlord  
  192  8:24  Roach x6  
  192  8:25  Zergling x4  
  192  8:30  Roach  
  192  8:31  Roach x2  
  170  8:38  Roach x4  
  155  8:51  Roach x9  
  155  8:52  Roach  
  153  9:02  Hydralisk x5  
  150  9:08  Zerg Missile Weapons Level 2  
  158  9:11  Hydralisk  
  158  9:12  Hydralisk  
  161  9:19  Drone x3  
  161  9:20  Extractor  
  161  9:21  Extractor  
  162  9:28  Lurker Den, Drone x2  
  162  9:29  Drone x4  
  162  9:30  Drone x5  
  172  9:35  Hydralisk x3  
  178  9:43  Hydralisk x3  
  180  9:58  Zergling x14  
  180  9:59  Zergling x4  
  189  10:06  Hatchery  
  188  10:13  Hydralisk x4  
  194  10:21  Hatchery  
  191  10:39  Hydralisk  
  191  10:40  Hydralisk x12  
  198  11:19  Hydralisk x12  
  198  11:22  Lurker x2  
  196  11:28  Lurker x9  
  196  11:29  Lurker x3  
  184  11:34  Roach x4, Zergling x2  
  184  11:35  Zergling x10  
  169  11:41  Roach x11  
  169  11:42  Roach x2  
  169  11:46  Roach, Hydralisk  
  169  11:47  Roach x13  
  181  11:52  Roach  
Tags
 
Add a new tag
Caveats
  • Supply blocks, unpowered buildings, or Contaminate may cause inaccurate times.
  • Supply counts are checked every 10 seconds.